 Dungeon Crawl Stone Soup version 0.27.1-1-g398f81649c (webtiles) character file.

Game seed: 9362821102948513820

76 chaosape the Ducker (level 4, -1/57 HPs)
             Began as a Gnoll Wanderer on Sept 9, 2021.
             Killed by divine providence
             ... invoked by an orc priest
              (13 damage)
             ... on level 3 of the Dungeon.
             The game lasted 00:06:20 (2610 turns).

chaosape the Ducker (Gnoll Wanderer)                Turns: 2610, Time: 00:06:22

Health: -1/57      AC: 22    Str: 13    XL:     4   Next: 32%
Magic:  5/5        EV:  2    Int: 11    God:
Gold:   76         SH:  0    Dex: 11    Spells: 5/5 levels left

rFire    . . .     SeeInvis .   a - +0 falchion
rCold    . . .     Faith    .   (no shield)
rNeg     + + +     Spirit   .   (armour currently unavailable)
rPois    +         Reflect  .   (helmet currently unavailable)
rElec    .         Harm     .   (cloak currently unavailable)
rCorr    .         Rampage  .   (gloves currently unavailable)
Will     .....     NoTele   +   (boots currently unavailable)
Stlth    ++........             (no amulet)
HPRegen  0.19/turn              h - ring of positive energy
MPRegen  0.09/turn              (no ring)

@: tree-form
A: stationary, stasis, torment immunity, boosted hp, (fangs 1), strong nose,
distributed training
a: no special abilities


You were on level 3 of the Dungeon.
You were a tree.
You visited 1 branch of the dungeon, and saw 3 of its levels.

You collected 76 gold pieces.

Inventory:

Hand Weapons
 a - a +0 falchion (weapon)
 d - a +0 dagger
 n - a +0 dagger of protection
Missiles
 e - 14 bolts
 f - 63 arrows
 g - 68 stones (quivered)
 k - 29 poisoned darts
Armour
 b - a +2 leather armour (melded)
 i - a +0 ring mail
 p - a +0 ring mail
 r - a +0 pair of gloves (melded)
Jewellery
 h - a ring of positive energy (left branch)
Scrolls
 j - a scroll of identify {unknown}
 m - a scroll of torment {unknown}
 o - 3 scrolls of silence {unknown}
 q - a scroll of blinking {unknown}
Potions
 l - a potion of brilliance {unknown}


   Skills:
 + Level 4.6 Fighting
 + Level 1.1 Short Blades
 + Level 4.6 Long Blades
 + Level 1.1 Axes
 + Level 1.1 Maces & Flails
 + Level 1.1 Polearms
 + Level 1.1 Staves
 + Level 1.1 Slings
 + Level 1.1 Bows
 + Level 1.1 Crossbows
 + Level 2.7 Throwing
 + Level 1.1 Armour
 + Level 4.6 Dodging
 + Level 4.2 Stealth
 + Level 1.1 Shields
 + Level 1.1 Unarmed Combat
 + Level 1.1 Spellcasting
 + Level 0.8 Conjurations
 + Level 0.8 Hexes
 + Level 0.8 Summonings
 + Level 0.8 Necromancy
 + Level 0.8 Translocations
 + Level 0.8 Transmutations
 + Level 0.8 Fire Magic
 + Level 0.8 Ice Magic
 + Level 0.8 Air Magic
 + Level 0.8 Earth Magic
 + Level 0.8 Poison Magic
 + Level 1.2 Invocations
 + Level 2.7 Evocations


You had 5 spell levels left.
You didn't know any spells.
Your spell library was empty.

Dungeon Overview and Level Annotations

Branches:
Dungeon (3/15)

Altars:
Dithmenos
Kikubaaqudgha


Innate Abilities, Weirdness & Mutations

You are a tree.
Your roots penetrate the ground, keeping you stationary.
You cannot be teleported.
You are immune to unholy pain and torment.
Your maximum health is greatly increased.
Your equipment is partially melded.
((You have very sharp teeth.))
Your uncanny sense of smell can sniff out nearby items.
Your experience applies equally to all skills.


Message History

The orc priest hits you but does no damage.
The orc hits you from afar with a +0 trident.
You hit the orc priest.
The orc priest is almost dead.
The orc priest looks braver for a moment.
The orc hits you but does no damage.
You barely miss the orc priest.
The orc priest is almost dead.
The orc priest hits you but does no damage.
The orc hits you from afar with a +0 trident.
The orc priest hits you but does no damage.
You closely miss the orc priest.
The orc priest is almost dead.
The orc hits you but does no damage.
The orc priest mumbles some strange prayers to Beogh against you.
Beogh smites you!
* * * LOW HITPOINT WARNING * * *
You are too injured to fight recklessly!
You are too injured to fight recklessly!
You are too injured to fight recklessly!
You are too injured to fight recklessly!
Really quaff the potion of lignification? [Y]es or [N]o only, please.
Really quaff the potion of lignification?
You turn into a tree.
Your +0 pair of gloves melds into your body.
Your +2 leather armour melds into your body.
Your roots penetrate the ground.
The orc hits you but does no damage.
The orc priest looks encouraged for a moment.
You hit the orc priest but do no damage.
The orc priest is almost dead.
The orc hits you but does no damage.
The orc priest hits you but does no damage.
You barely miss the orc priest.
The orc priest is almost dead.
The orc hits you from afar with a +0 trident.
* * * LOW HITPOINT WARNING * * *
The orc priest invokes the aid of Beogh against you.
Beogh smites you!
You die...

.# #.###...#..#
.. #...###...##
#..#...###)# #
#.####...### #.
#.. #+#...# #..
##.# ##.## .#...
#..# #..#
......##.##
##.## #.oo♣..###
#..#
#..###...####.##
#. ###...#..# #
###...## ###.+
###


You could see an orc priest and an orc.

Vanquished Creatures
  3 adders
  A worm (D:2)
  An orc (D:3)
  2 ball pythons
  7 endoplasms
  2 giant cockroaches
  3 goblins
  2 hobgoblins (D:2)
  10 jackals
  2 quokkas
  2 frilled lizards
  5 rats
40 creatures vanquished.

Notes
Turn   | Place    | Note
-------+----------+-------------------------------------------
     0 | D:1      | chaosape the Gnoll Wanderer began the quest for the Orb.
     0 | D:1      | chaosape set off with the following items: a +0 falchion, a
                  | +2 leather armour, a potion of lignification, a +0 dagger
     0 | D:1      | Reached XP level 1. HP: 20/20 MP: 1/1
   508 | D:1      | Reached XP level 2. HP: 24/26 MP: 2/2
   984 | D:2      | Reached XP level 3. HP: 20/31 MP: 3/3
  1656 | D:2      | Reached skill level 1 in Invocations
  2258 | D:2      | Found a faded altar of an unknown god.
  2334 | D:2      | Reached skill level 1 in Short Blades
  2334 | D:2      | Reached skill level 1 in Axes
  2334 | D:2      | Reached skill level 1 in Maces & Flails
  2334 | D:2      | Reached skill level 1 in Polearms
  2334 | D:2      | Reached skill level 1 in Staves
  2334 | D:2      | Reached skill level 1 in Slings
  2334 | D:2      | Reached skill level 1 in Bows
  2334 | D:2      | Reached skill level 1 in Crossbows
  2334 | D:2      | Reached skill level 1 in Armour
  2334 | D:2      | Reached skill level 1 in Shields
  2334 | D:2      | Reached skill level 1 in Unarmed Combat
  2334 | D:2      | Reached skill level 1 in Spellcasting
  2390 | D:3      | Reached XP level 4. HP: 38/38 MP: 5/5
  2437 | D:3      | Found a shadowy altar of Dithmenos.
  2438 | D:3      | Found an ancient bone altar of Kikubaaqudgha.
  2610 | D:3      | Killed from afar by an orc priest

Illustrated notes

Levels and vault maps discovered:
D:1:      scummos_arrival_checkerplants, layout_basic,
          chequers_serial_rivers_micro_c
D:2:      layout_loops_ring, dreamdust_ecumenical_altar_statues
D:3:      minmay_skewed_foursquare, layout_loops_ring,
          pdpol_wu_jian_five_deadly_venoms, gammafunk_temple_overflow_pools,
          chequers_serial_rivers_micro_b, dk_noncrumbling_3

Skill      XL: |  1  2  3 |
---------------+----------+-----
Invocations    | 1 |  1.2
Short Blades   | 1 |  1.1
Axes           | 1 |  1.1
Maces & Flails | 1 |  1.1
Polearms       | 1 |  1.1
Staves         | 1 |  1.1
Slings         | 1 |  1.1
Bows           | 1 |  1.1
Crossbows      | 1 |  1.1
Armour         | 1 |  1.1
Shields        | 1 |  1.1
Unarmed Combat | 1 |  1.1
Spellcasting   | 1 |  1.1
Fighting       | |  4.6
Long Blades    | |  4.6
Throwing       | |  2.7
Dodging        | |  4.6
Stealth        | |  4.2
Conjurations   | |  0.8
Hexes          | |  0.8
Summonings     | |  0.8
Necromancy     | |  0.8
Translocations | |  0.8
Transmutations | |  0.8
Fire Magic     | |  0.8
Ice Magic      | |  0.8
Air Magic      | |  0.8
Earth Magic    | |  0.8
Poison Magic   | |  0.8
Evocations     | |  2.7

Action                   |  1- 3 |  4- 6 || total
-------------------------+-------+-------++-------
Melee: Falchion          |    92 |    31 ||   123
       Bite              |     7 |       ||     7
       Punch             |     1 |       ||     1
  Use: Potion            |       |     1 ||     1
 Stab: Sleeping          |    10 |     3 ||    13
Armor: Leather armour    |    26 |    16 ||    42
       Skin              |       |     3 ||     3
Dodge: Dodged            |    54 |    17 ||    71
       Rpst.: Falchion   |    22 |     4 ||    26
